 Seeded DCSS version 0.30.1-9-gdf580d7c3d (webtiles) character file.

Game seed: 920673320228942481 (custom seed)

2255 Psyclone the Thaumaturge (level 9, -4/55 HPs)
             Began as a Djinni Earth Elementalist on Oct 15, 2023.
             Was an Initiate of Ashenzari.
             Slain by a killer bee (8 damage)
             ... on level 7 of the Dungeon.
             The game lasted 00:10:03 (5108 turns).

Psyclone the Thaumaturge (DjEE)                     Turns: 5108, Time: 00:10:04

Health: -4/55      AC:  7    Str:  5    XL:     9   Next: 64%
Gold:   264        EV: 12    Int: 29    God:    Ashenzari [......] SH:  0 Dex: 12

rFire   + + .        B - +2 dagger (venom)
rCold   x . .        (no shield)
rNeg    . . .        y - +0 steam dragon scales
rPois   ∞            o - +0 helmet
rElec   .            i - +0 cloak {rPois}
rCorr   +            (no gloves)
SInv    +            (boots unavailable)
Will    .....        u - amulet of the acrobat
Stlth   ++           b - ring of wizardry
HPRegen 0.29/turn    k - ring of resist corrosion
MPRegen 0.00/turn

%: acrobat, wizardry (x1), infuse magic (-5 HP)
@: flying, studying Spellcasting
A: sickness immunity, fire resistance 2, cold vulnerability 1, float, innate
caster, HP casting, extra vitality 1, antennae 1, see invisible, clever 2
a: Renounce Religion


You were on level 7 of the Dungeon.
You worshipped Ashenzari.
Ashenzari was noncommittal.
You visited 1 branch of the dungeon, and saw 7 of its levels.

You collected 264 gold pieces.

Inventory:

Hand Weapons
 B - a +2 dagger of venom (weapon)
Armour
 i - a +0 cloak of poison resistance (worn)
 o - a +0 helmet (worn)
 y - +0 steam dragon scales (worn)
Magical Staves
 A - a staff of poison
Jewellery
 b - a ring of wizardry (left hand)
 k - a ring of resist corrosion (right hand)
 u - an amulet of the acrobat (around neck)
 x - the amulet "Deiwnuuf" {Spirit rPois Str+4}
   (You found it on level 5 of the Dungeon)

   [amulet of guardian spirit]

   It causes incoming damage to be divided between your reserves of health and
   magic.
   Str:       It affects your strength (+4).
   rPois:     It protects you from poison.
Wands
 m - a wand of paralysis (3)
Scrolls
 a - 2 scrolls of enchant weapon {unknown}
 e - 2 scrolls of teleportation {unknown}
 f - 2 scrolls of amnesia {unknown}
 g - a scroll of fog {unknown}
 p - a scroll of fear {unknown}
 q - 3 scrolls of identify {unknown}
 s - a scroll of poison {unknown}
Potions
 c - 2 potions of resistance {unknown}
 d - 2 potions of cancellation {unknown}
 h - a potion of lignification {unknown}
 j - 2 potions of heal wounds {unknown}
 l - a potion of brilliance {unknown}
 n - 2 potions of degeneration {unknown}
 r - a potion of invisibility {unknown}
 t - 3 potions of curing {unknown}
 v - a potion of ambrosia {unknown}
 z - 2 potions of might {unknown}
 C - 2 potions of attraction {unknown}


   Skills:
 - Level 2.1 Dodging
 - Level 1.5 Stealth
 + Level 13.3 Spellcasting


You knew the following spells:

 Your Spells              Type           Power      Damage    Failure   Level
a - Sandblast             Erth           100%       2d20      0%          1
b - Passwall              Tmut/Erth      64%        N/A       0%          2
c - Stone Arrow           Conj/Erth      100%       3d13      1%          3
d - Petrify               Tmut/Erth      77%        N/A       1%          4
e - Shock                 Conj/Air       100%       1d9       0%          1
f - Wereblood             Tmut           77%        N/A       0%          2
g - Vampiric Draining     Necr           77%        2d11      1%          3
h - Volatile Blastmotes   Fire/Tloc      100%       2d18      1%          3
Your spell library was empty.

Dungeon Overview and Level Annotations

Branches:
Dungeon (7/15) Zot: 26021
 Temple: D:4-7

Altars:
Ashenzari
Fedhas
Gozag

Shops:
D:3 *:


Innate Abilities, Weirdness & Mutations

You are immune to sickness and miasma.
You are immune to poison.
Your flesh is very heat resistant. (rF++)
You are vulnerable to cold. (rC-)
You float through the air rather than walking.
You learn spells naturally, not from books.
Your magical power is your life essence.
You have superior vitality. (+4 MHP)
You have a pair of small antennae on your head.
You have supernaturally acute eyesight. (SInv)
Your mind is very acute. (Int +8, Str/Dex -2)


Message History

Aim: a killer bee (70% to hit)
The blast of sand misses the killer bee.
The killer bee stings you. The killer bee closely misses you.
The killer bee barely misses you.
You take 3 damage, and have 31/55 hp.
Casting: Sandblast (safe; 0% risk of failure)
Confirm with . or Enter, or press ? or * to list all spells.
Aiming: Sandblast (safe; 0% risk of failure)
Press: ? - help, Shift-Dir - straight line, f/p - killer bee
Aim: a killer bee (70% to hit)
The blast of sand misses the killer bee.
The killer bee stings you but does no damage.
The killer bee stings you. The killer bee misses you.
You take 5 damage, and have 26/55 hp.
Casting: Sandblast (safe; 0% risk of failure)
Confirm with . or Enter, or press ? or * to list all spells.
Aiming: Sandblast (safe; 0% risk of failure)
Press: ? - help, Shift-Dir - straight line, f/p - killer bee
Aim: a killer bee (70% to hit)
The blast of sand hits the killer bee.
The killer bee is moderately wounded.
The killer bee stings you. The killer bee barely misses you.
The killer bee stings you. The killer bee closely misses you.
The killer bee stings you!
* * * LOW HITPOINT WARNING * * *
The killer bee stings you.
* * * LOW HITPOINT WARNING * * *
You take 15 damage, and have 11/55 hp.
MASSIVE DAMAGE!!
Casting: Sandblast (safe; 0% risk of failure)
Confirm with . or Enter, or press ? or * to list all spells.
Aiming: Sandblast (safe; 0% risk of failure)
Press: ? - help, Shift-Dir - straight line, f/p - killer bee
Aim: a killer bee (moderately wounded, 70% to hit)
The blast of sand misses the killer bee.
* * * LOW HITPOINT WARNING * * *
The killer bee stings you but does no damage.
The killer bee stings you!
* * * LOW HITPOINT WARNING * * *
The killer bee closely misses you. The killer bee stings you!
You die...

##.## ........... #.# .####
########.#. #.# ....
.........#. #.# ...##
#####>.##. #.# ...# #####..#..
#.# #..# #......... #### #.#
#..# #......... ...# #.# #..###
#......... ...# #.# #y@..#
#......... ...####.## #y##.##
#......... .........# #† #..#
#......... ...####### .. ##.##
#..^...... ###......#######
#..# #.........
#.######...#######.###.........
#.# #._.#........##.........
#.# #...#.........#.........
#.######'''#...................


You could see 2 killer bees.

Vanquished Creatures
  Sigmund (D:4)
  Menkaure (D:5)
  2 steam dragons
  A water moccasin (D:4)
  Duvessa (D:7)
  A black bear (D:4)
  An ogre (D:5)
  A centaur (D:6)
  A phantom (D:6)
  A kobold brigand (D:7)
  Blork the orc (D:4)
  A gnoll sergeant (D:7)
  2 bullfrogs
  4 scorpions
  Dowan (D:7)
  6 killer bees (D:7)
  2 hounds
  Crazy Yiuf (D:2)
  Natasha (D:2)
  2 orc wizards
  Robin (D:4)
  3 gnolls (D:7)
  2 adders
  A white imp (D:7)
  A worm (D:3)
  2 dart slugs
  11 orcs
  7 endoplasms
  2 giant cockroaches
  9 goblins
  7 hobgoblins
  2 quokkas
  9 ball pythons
  4 bats
  12 kobolds
  4 rats
109 creatures vanquished.

Notes
Turn   | Place    | Note
-------+----------+-------------------------------------------
     0 | D:1      | Psyclone the Djinni Earth Elementalist began the quest for
                  | the Orb.
     0 | D:1      | Psyclone set off with the following spells memorised:
                  | Sandblast, Passwall, Stone Arrow, Petrify.
     0 | D:1      | Reached XP level 1. HP: 15/15 MP: 0/0
    86 | D:1      | Gained mutation: You have hidden genetic potential. [potion
                  | of mutation]
    86 | D:1      | Gained mutation: You have supernaturally acute eyesight.
                  | (SInv) [potion of mutation]
    86 | D:1      | Gained mutation: Your mind is acute. (Int +4, Str/Dex -1)
                  | [potion of mutation]
   296 | D:1      | Identified 3 scrolls of acquirement
   296 | D:1      | Acquired a manual of Spellcasting
   324 | D:1      | Acquired a manual of Spellcasting
   335 | D:1      | Acquired a manual of Spellcasting
   653 | D:1      | Reached XP level 2. HP: 17/21 MP: 0/0
   828 | D:1      | Reached skill level 3 in Spellcasting
  1401 | D:2      | Gained mutation: Your mind is very acute. (Int +8, Str/Dex
                  | -2) [hidden potential]
  1697 | D:2      | Found a runed translucent door.
  1698 | D:2      | Noticed Crazy Yiuf
  1703 | D:2      | Killed Crazy Yiuf
  1704 | D:2      | Reached skill level 4 in Spellcasting
  1704 | D:2      | Reached XP level 3. HP: 18/25 MP: 0/0
  1704 | D:2      | Learned a level 1 spell: Shock
  1704 | D:2      | Reached XP level 4. HP: 22/31 MP: 0/0
  2100 | D:2      | Noticed Natasha
  2105 | D:2      | Killed Natasha
  2108 | D:2      | Reached skill level 5 in Spellcasting
  2531 | D:3      | Reached XP level 5. HP: 34/35 MP: 0/0
  2531 | D:3      | Learned a level 2 spell: Wereblood
  2550 | D:3      | Gained mutation: You have a pair of small antennae on your
                  | head. [hidden potential]
  2550 | D:3      | Lost mutation: You have hidden genetic potential. [hidden
                  | potential expressed]
  2696 | D:3      | Found Rylak's Book Boutique.
  2789 | D:3      | Found Xyxiz's Assorted Antiques.
  3077 | D:4      | Noticed Blork the orc
  3083 | D:4      | Killed Blork the orc
  3084 | D:4      | Reached skill level 6 in Spellcasting
  3105 | D:4      | Reached XP level 6. HP: 39/40 MP: 0/0
  3164 | D:4      | Noticed Robin
  3174 | D:4      | Killed Robin
  3397 | D:4      | Reached skill level 7 in Spellcasting
  3492 | D:4      | Noticed Sigmund
  3497 | D:4      | Killed Sigmund
  3498 | D:4      | Reached skill level 8 in Spellcasting
  3498 | D:4      | Reached XP level 7. HP: 42/45 MP: 0/0
  3498 | D:4      | Learned a level 3 spell: Vampiric Draining
  3884 | D:4      | Reached skill level 9 in Spellcasting
  3931 | D:4      | Noticed a water moccasin
  3934 | D:4      | Killed a water moccasin
  3935 | D:4      | Reached XP level 8. HP: 50/50 MP: 0/0
  4009 | D:5      | Entered Level 5 of the Dungeon
  4043 | D:5      | Noticed Menkaure
  4046 | D:5      | Killed Menkaure
  4047 | D:5      | Reached skill level 10 in Spellcasting
  4051 | D:5      | Identified the amulet "Deiwnuuf" {Spirit rPois Str+4}
  4141 | D:6      | Reached skill level 11 in Spellcasting
  4198 | D:6      | Reached XP level 9. HP: 48/55 MP: 0/0
  4198 | D:6      | Learned a level 3 spell: Volatile Blastmotes
  4351 | D:7      | Found a broken altar of Ashenzari.
  4355 | D:7      | Became a worshipper of Ashenzari the Shackled
  4372 | D:7      | Reached skill level 12 in Spellcasting
  4553 | D:7      | Found a blossoming altar of Fedhas.
  4597 | D:7      | Noticed Dowan
  4602 | D:7      | Noticed Duvessa
  4606 | D:7      | Killed Duvessa
  4608 | D:7      | Killed Dowan
  4739 | D:7      | Found an opulent altar of Gozag.
  4790 | D:7      | Reached skill level 13 in Spellcasting
  5108 | D:7      | Slain by a killer bee

Illustrated notes

Levels and vault maps discovered:
D:1:      dpeg_arrival_orchard, layout_basic
D:2:      layout_loops_corners, uniq_natasha, uniq_crazy_yiuf_cottage
D:3:      layout_basic, serial_shops, nicolae_shop_stone, shop
D:4:      layout_basic, nicolae_figureground_sparkle, uniq_sigmund, uniq_robin,
          uniq_blork_the_orc
D:5:      layout_cave_pools, nicolae_ru_path_of_blood, minmay_quadrilaterals,
          uniq_menkaure, uniq_ijyb
D:6:      cheibrodos_barr_body, layout_rooms, lemuel_doored_altar,
          minmay_temple_entry_large_hall, hangedman_decor_growths,
          minmay_fractal_squares_gapless_5
D:7:      layout_basic, mainiacjoe_overflow_big_doors, lemuel_tele_altar,
          zin_scriptorium, nicolae_figureground_pulse, uniq_duvessa

Skill      XL: |  1  2  3  4  5  6  7  8  9 |
---------------+----------------------------+-----
Spellcasting   | 4 5 6 8 9 11 13 | 13.3
Dodging        | |  2.1
Stealth        | |  1.5

Action                     |  1- 3 |  4- 6 |  7- 9 || total
---------------------------+-------+-------+-------++-------
  Melee: Dagger            |       |       |     4 ||     4
   Cast: Sandblast         |    25 |    68 |    75 ||   168
         Wereblood         |       |     1 |       ||     1
         Stone Arrow       |       |       |     1 ||     1
         Volatile Blastmot |       |       |     4 ||     4
    Use: Scroll            |     3 |       |       ||     3
         Potion            |     1 |       |       ||     1
 Armour: Robe              |       |     4 |     3 ||     7
         Steam dragon scal |       |       |     7 ||     7
  Dodge: Dodged            |     4 |    20 |    32 ||    56
